 Seeded DCSS version 0.31.0 (webtiles) character file.

Game seed: 2 (custom seed)

1318 Kazon the Insei (level 8, -5/52 HPs)
             Began as an Octopode Shapeshifter on Jan 19, 2024.
             Was a Follower of Makhleb.
             Slain by a gnoll sergeant
             ... wielding a +3 spear of flaming
              (7 damage)
             ... on level 6 of the Dungeon.
             The game lasted 00:20:29 (3060 turns).

Kazon the Insei (Octopode Shapeshifter)             Turns: 3060, Time: 00:20:29

Health: -5/52      AC:  5    Str: 13    XL:     8   Next: 59%
Magic:  0/11       EV: 14    Int: 12    God:    Makhleb [*.....]
Gold:   225        SH:  5    Dex: 20    Spells: 11/11 levels left

rFire   . . .        e - +0 dagger (venom)
rCold   . . .        c - +0 buckler
rNeg    . . .        (helmet currently unavailable)
rPois   +            k - amulet of guardian spirit
rElec   .            m - +4 ring of slaying
rCorr   +            r - +4 ring of protection
SInv    .            E - ring of poison resistance
Will    .....        F - +6 ring of dexterity
Stlth   ++++         d - ring of resist corrosion
HPRegen 0.28/turn    (no ring)
MPRegen 0.12/turn    (no ring)
                     (no ring)

%: guardian spirit
@: mighty, brilliant, beast-form
A: beast (slay +2), almost no armour, amphibious, 8 rings, camouflage 1,
gelatinous body 1, (nimble swimmer 1), tentacles, antennae 2
a: Begin Untransformation, Renounce Religion


You were on level 6 of the Dungeon.
You worshipped Makhleb.
Makhleb was aware of your devotion.
You were a hulking beast.
You visited 2 branches of the dungeon, and saw 7 of its levels.
You also visited: Ossuary.

You collected 225 gold pieces.

Inventory:

Hand Weapons
 e - a +0 dagger of venom (weapon)
Missiles
 s - 11 poisoned darts (quivered)
 J - 6 stones
Armour
 c - a +0 buckler (worn)
 w - an orb of mayhem
 K - a +0 hat
Jewellery
 d - a ring of resist corrosion (on tentacle)
 k - an amulet of guardian spirit (around mantle)
 m - a +4 ring of slaying (left tentacle)
 r - a +4 ring of protection (right tentacle)
 E - a ring of poison resistance (on tentacle)
 F - a +6 ring of dexterity (on tentacle)
Talismans
 b - a beast talisman
 y - a flux talisman
 z - a serpent talisman
Scrolls
 f - 2 scrolls of immolation {unknown}
 g - 4 scrolls of identify {unknown}
 i - a scroll of poison {unknown}
 n - 5 scrolls of teleportation {unknown}
 p - 2 scrolls of enchant armour {unknown}
 u - 3 scrolls of vulnerability {unknown}
 x - a scroll of noise {unknown}
 H - 2 scrolls of torment {unknown}
Potions
 a - 3 potions of lignification
 h - a potion of brilliance
 j - a potion of enlightenment {unknown}
 l - 2 potions of mutation
 o - 2 potions of might
 q - 2 potions of attraction {unknown}
 t - a potion of degeneration {unknown}
 v - 2 potions of cancellation {unknown}
 A - 3 potions of heal wounds {unknown}
 B - a potion of resistance {unknown}
 C - 2 potions of curing {unknown}
 D - a potion of ambrosia {unknown}
 G - a potion of berserk rage {unknown}
 I - a potion of haste {unknown}


   Skills:
 * Level 3.3 Fighting
 * Level 3.3 Short Blades
 * Level 2.9 Throwing
 * Level 3.4 Dodging
 + Level 4.4 Stealth
 * Level 2.1 Shields
 + Level 5.3 Unarmed Combat
 + Level 2.1 Spellcasting
 * Level 2.6 Invocations
 + Level 4.0 Shapeshifting


You had 11 spell levels left.
You didn't know any spells.
Your spell library contained the following spells:

 Spells                   Type           Power      Damage    Failure   Level
 Summon Small Mammal      Summ           4%         N/A       36%         1
 Call Canine Familiar     Summ           1%         N/A       73%         3
 Summon Blazeheart Golem  Fire/Summ      1%         N/A       98%         4


Dungeon Overview and Level Annotations

Branches:
Dungeon (6/15)             Temple (1/1) D:5         Ossuary (visited)

Altars:
Ashenzari
Cheibriados
Dithmenos
Elyvilon
Fedhas
Gozag
Hepliaklqana
Makhleb
Nemelex Xobeh
Okawaru
Qazlal
Ru
Sif Muna
Trog
Uskayaw
Vehumet
Wu Jian
Xom
Yredelemnul
Zin
The Shining One

Shops:
D:2 (   D:3 (


Innate Abilities, Weirdness & Mutations

You are a hulking beast.
Your limbs bulge with bestial killing power. (Slay +2)
You cannot wear most types of armour.
You are amphibious.
You can wear up to eight rings at the same time.
Your skin changes colour to match your surroundings (Stealth+).
Your rubbery body absorbs attacks. (AC +1, EV +1)
((You are camouflaged when in or above water. (Stealth+)))
You have tentacles for arms and can constrict up to eight enemies at once.
You have a pair of antennae on your head.


Message History

Throw: 12 darts (poison)
Press: ? - help, Q - select action, (/) - cycle Shift-Dir - straight line, f - gnoll sergeant
Aim: a gnoll sergeant, wielding a +3 spear of flaming and wearing a +0 scale mail (74% to hit)
You throw a poisoned dart.
The poisoned dart barely misses the gnoll sergeant.
The gnoll sergeant attacks as it pursues you!
The gnoll sergeant barely misses you.
The gnoll sergeant hits you from afar with a +3 spear of flaming!
* * * LOW HITPOINT WARNING * * *
The gnoll sergeant burns you.
* * * LOW HITPOINT WARNING * * *
The gnoll sergeant attacks as it pursues you!
The gnoll sergeant closely misses you. You block the gnoll sergeant's attack.
You hit the gnoll sergeant.
The gnoll sergeant is poisoned.
You grab the gnoll sergeant.
You squeeze the gnoll sergeant, but do no damage.
The gnoll sergeant is lightly wounded.
You constrict the gnoll sergeant, but do no damage.
The gnoll sergeant barely misses you.
You hit the gnoll sergeant but do no damage.
The gnoll sergeant looks as sick as possible!
The gnoll sergeant is lightly wounded.
You constrict the gnoll sergeant, but do no damage.
The gnoll sergeant hits you with a +3 spear of flaming!
* * * LOW HITPOINT WARNING * * *
The gnoll sergeant burns you.
* * * LOW HITPOINT WARNING * * *
It was a potion of brilliance.
You feel clever all of a sudden.
You constrict the gnoll sergeant. The gnoll sergeant closely misses you.
It was a potion of mutation.
You feel extremely strange. A pair of antennae grows on your head!
The antennae on your head grow some more.
You constrict the gnoll sergeant. The gnoll sergeant barely misses you.
It was a potion of might.
You feel very mighty all of a sudden.
You constrict the gnoll sergeant.
The gnoll sergeant hits you with a +3 spear of flaming!
You die...

#<# ......## #
# #.#
#....###.#<##
#O#
#.....g)g....
#..
###.###.##.#.##
### #...#
#.g....#
#.#.###g##.....
# #.#....g#
####
#.#####g###(###
#...hggg....#
#######g#####
#.# #.# #.# #..
###


You could see a gnoll sergeant (very poisoned) and 4 gnolls.

Vanquished Creatures
  An orc warrior (D:5)
  2 centaurs (D:5)
  An ogre (D:3)
  A phantom (D:4)
  A scorpion (D:5)
  6 water moccasin zombies (Ossuary)
  A burial acolyte (Ossuary)
  A bombardier beetle (D:5)
  2 hounds
  An iguana (D:5)
  3 orc wizards (D:5)
  2 crocodile zombies (Ossuary)
  A bullfrog simulacrum (Ossuary)
  2 mummies (Ossuary)
  A gnoll (D:6)
  8 adders
  2 ufetubi
  4 adder zombies (Ossuary)
  3 dart slugs
  A ribbon worm (D:2)
  9 orcs
  5 bats
  11 endoplasms
  2 giant cockroaches (D:3)
  10 gnoll zombies (Ossuary)
  8 goblins
  2 hobgoblins
  2 jackals (D:3)
  7 quokkas
  3 ball pythons
  2 frilled lizards
  2 jackal zombies (Ossuary)
  2 kobolds
  4 orc zombies (Ossuary)
  4 rats
117 creatures vanquished.

Notes
Turn   | Place    | Note
-------+----------+-------------------------------------------
     0 | D:1      | Kazon the Octopode Shapeshifter began the quest for the
                  | Orb.
     0 | D:1      | Reached XP level 1. HP: 13/13 MP: 1/1
    54 | D:1      | Reached XP level 2. HP: 14/18 MP: 2/2
   722 | D:2      | Found Weaqack's Weapon Shop.
   733 | D:2      | Reached XP level 3. HP: 23/23 MP: 3/3
   897 | D:2      | Reached XP level 4. HP: 28/28 MP: 4/4
  1123 | D:3      | Noticed an ogre
  1126 | D:3      | Reached skill level 1 in Stealth
  1190 | D:3      | Reached skill level 1 in Short Blades
  1217 | D:3      | Killed an ogre
  1218 | D:3      | Reached skill level 1 in Throwing
  1218 | D:3      | Reached skill level 1 in Spellcasting
  1218 | D:3      | Reached XP level 5. HP: 34/34 MP: 4/6
  1220 | D:3      | Found Hivuethe's Antique Weapon Shoppe.
  1292 | D:3      | Found a shimmering altar of Xom.
  1293 | D:3      | Found a shimmering altar of Xom.
  1293 | D:3      | Found a shimmering altar of Xom.
  1511 | D:4      | Found a sacrificial altar of Ru.
  1595 | D:4      | Noticed a phantom
  1606 | D:4      | Killed a phantom
  1607 | D:4      | Reached skill level 4 in Unarmed Combat
  1607 | D:4      | Reached XP level 6. HP: 39/39 MP: 6/8
  1879 | D:5      | Entered Level 5 of the Dungeon
  1917 | D:5      | Reached XP level 7. HP: 40/45 MP: 8/10
  1919 | D:5      | Found a staircase to the Ecumenical Temple.
  1928 | Temple   | Entered the Ecumenical Temple
  1948 | Temple   | Became a worshipper of Makhleb the Destroyer
  2114 | D:5      | Reached skill level 1 in Invocations
  2197 | D:5      | Found a sand-covered staircase.
  2207 | Ossuary  | Entered an ossuary
  2395 | Ossuary  | Reached skill level 1 in Shields
  2452 | Ossuary  | Reached XP level 8. HP: 50/51 MP: 9/11
  2465 | Ossuary  | Reached * piety under Makhleb
  2515 | Ossuary  | Reached skill level 5 in Unarmed Combat
  3057 | D:6      | HP: 1/52 [gnoll sergeant/+3 spear of flaming (3)]
  3059 | D:6      | Gained mutation: You have a pair of small antennae on your
                  | head. [potion of mutation]
  3059 | D:6      | Gained mutation: You have a pair of antennae on your head.
                  | [potion of mutation]
  3060 | D:6      | Slain by a gnoll sergeant

Illustrated notes

Levels and vault maps discovered:
D:1:      lightli_arrival_noodles, layout_loops_ring, skrybe_limestone_x
D:2:      layout_rooms, serial_shops, shop
D:3:      layout_basic, xom_redecorated, serial_shops, nicolae_shop_stone
D:4:      layout_rooms, mainiacjoe_overflow_six_doors_small,
          minmay_misc_feat_five
D:5:      layout_loops_ring, temple_pool_b, mainiacjoe_ossuary_entry_dusty_tomb
D:6:      layout_loops_ring, dk_noncrumbling_3
Temple:   hellmonk_temple_of_storms

Skill      XL: |  1  2  3  4  5  6  7  8 |
---------------+-------------------------+-----
Stealth        | 2 3 4 |  4.4
Short Blades   | 1 2 3 |  3.3
Throwing       | 1 2 |  2.9
Spellcasting   | 1 2 |  2.1
Fighting       | 2 3 |  3.3
Unarmed Combat | 4 5 |  5.3
Invocations    | 2 |  2.6
Shields        | 1 2 |  2.1
Dodging        | 3 |  3.4
Shapeshifting  | 4 |  4.0

Action                     |  1- 3 |  4- 6 |  7- 9 || total
---------------------------+-------+-------+-------++-------
  Melee: Unarmed           |    44 |    36 |    69 ||   149
         Constrict         |    12 |    14 |    35 ||    61
         Tentacles         |     6 |    11 |    42 ||    59
         Dagger            |       |    36 |    63 ||    99
         Punch             |       |     2 |     4 ||     6
  Throw: Stone             |     3 |    10 |    23 ||    36
         Dart              |       |     1 |     1 ||     2
    Use: Potion            |       |       |     3 ||     3
   Stab: Sleeping          |     4 |     9 |     5 ||    18
 Armour: Skin              |     7 |    23 |    65 ||    95
  Dodge: Dodged            |    18 |    37 |    56 ||   111
  Block: Buckler           |       |     6 |    17 ||    23
